 Dungeon Crawl Stone Soup version 0.30-a0-857-gcaf70739d4 (webtiles) character file.

Game seed: 1319297603923296532

7077 cheesebisquit the Grappler (level 10, -3/104 HPs)
             Began as a Troll Fighter on Mar 5, 2023.
             Was a High Priest of Okawaru.
             Slain by a wraith (4 damage)
             ... on level 11 of the Dungeon.
             The game lasted 00:38:50 (9655 turns).

cheesebisquit the Grappler (Troll Fighter)          Turns: 9655, Time: 00:38:50

Health: -3/104     AC:  9    Str: 30    XL:     10   Next: 84%
Magic:  10/10      EV: 13    Int: 10    God:    Okawaru [*****.]
Gold:   660        SH: 13    Dex:  9    Spells: 9/9 levels left

rFire   . . .      SeeInvis .      - Unarmed
rCold   . . .      Faith    .    H - +0 tower shield
rNeg    . . .      Spirit   .    j - +5 robe of Misfortune {Harm *Corrode *Slow EV+5}
rPois   .          Reflect  .    (helmet restricted)
rElec   .          Rampage  .    (no cloak)
rCorr   .          Harm     + .  (gloves unavailable)
Will    +....                    (boots unavailable)
Stlth   +                        u - amulet of the acrobat
HPRegen 1.17/turn                e - +6 ring of intelligence
MPRegen 0.12/turn                B - ring of willpower

@: mighty, marked, slowed, invisible, very slow
A: large, unfitting armour, claws 3, regeneration 1, shaggy fur 1, tough skin 1
a: Renounce Religion, Heroism, Finesse, Duel


You were on level 11 of the Dungeon.
You worshipped Okawaru.
Okawaru was extremely pleased with you.
You visited 2 branches of the dungeon, and saw 12 of its levels.

You collected 660 gold pieces.

Inventory:

Missiles
 g - 9 atropa-tipped darts
 k - 9 poisoned darts
 y - 48 stones
 G - 6 large rocks (quivered)
Armour
 a - a +0 robe
 j - the +5 robe of Misfortune (worn) {Harm *Corrode *Slow EV+5}
   (You found it on level 10 of the Dungeon)

   EV:        It affects your evasion (+5).
   *Corrode:  It may corrode you when you take damage.
   *Slow:     It may slow you when you take damage.
   Harm:      It increases damage dealt and taken.
 H - a +0 tower shield (worn)
 I - a +0 troll leather armour
Jewellery
 e - a +6 ring of intelligence (left claw)
 t - a ring of magical power
 u - an amulet of the acrobat (around neck)
 B - a ring of willpower (right claw)
 E - a ring of magical power
Wands
 n - a wand of polymorph (12)
Scrolls
 i - a scroll of magic mapping
 m - a scroll of vulnerability {unknown}
 p - 4 scrolls of teleportation
 q - 2 scrolls of enchant weapon
 r - 2 scrolls of noise
 v - a scroll of silence {unknown}
 A - 2 scrolls of fear {unknown}
 C - 2 scrolls of enchant armour {unknown}
Potions
 b - a potion of flight
 c - a potion of might
 d - 5 potions of curing
 f - 5 potions of brilliance
 h - 2 potions of magic
 l - a potion of attraction
 o - a potion of ambrosia
 s - a potion of invisibility
 w - a potion of resistance
 x - 2 potions of mutation
 z - a potion of degeneration
 D - a potion of lignification
 F - a potion of haste


   Skills:
 + Level 8.2 Fighting
 + Level 6.3 Throwing
 + Level 2.7 Armour
 + Level 4.5 Dodging
 + Level 6.3 Shields
 + Level 8.3 Unarmed Combat
 + Level 1.8 Invocations


You had 9 spell levels left.
You didn't know any spells.
Your spell library contained the following spells:

 Spells                   Type           Power      Damage    Failure   Level
 Magic Dart               Conj           0%         1d3       91%         1
 Cigotuvi's Dreadful Rot  Necr/Pois/Air  0%         N/A       97%         2
 Poisonous Vapours        Pois/Air       0%         N/A       97%         2
 Mephitic Cloud           Conj/Pois/Air  0%         N/A       99%         3
 Passage of Golubria      Tloc           0%         N/A       100%        4
 Yara's Violent Unravell  Hex/Tmut       0%         3d3       100%        5
 Call Imp                 Summ           Unusable   N/A       N/A         2
 Tukima's Dance           Hex            Unusable   N/A       N/A         3

Dungeon Overview and Level Annotations

Branches:
Dungeon (11/15)            Temple (1/1) D:5            Lair (0/5) D:11
    Orc (0/2) D:10

Altars:
Ashenzari
Cheibriados
Dithmenos
Elyvilon
Fedhas
Gozag
Hepliaklqana
Kikubaaqudgha
Makhleb
Nemelex Xobeh
Okawaru
Qazlal
Ru
Sif Muna
Trog
Uskayaw
Vehumet
Wu Jian
Xom
Yredelemnul
Zin
The Shining One

Shops:
D:10 *

Annotations:
D:8 3 runed translucent doors, Rudyous's ghost, novice MiFi


Innate Abilities, Weirdness & Mutations

You are too large for most types of armour.
You have claws for hands.
Your natural rate of healing is unusually fast.
You are covered in fur. (AC +1)
You have tough skin. (AC +1)


Message History

The killer bee stings you but does no damage.
You catch the helpless killer bee completely off-guard!
You claw the killer bee!
The killer bee is heavily wounded.
The killer bee misses you. Something hits you. Something bites you.
Something draws strength from your injuries!
You block the wraith's attack. The killer bee closely misses you.
You miss the killer bee.
The killer bee is heavily wounded.
You block the killer bee's attack. You block the gargoyle's attack.
Something hits you! You block something's attack. The wraith hits you.
The wraith drains your vigour!
You feel yourself slow down. The killer bee closely misses you.
You claw the gargoyle!
The gargoyle is severely damaged.
The killer bee closely misses you. You block the killer bee's attack.
The gargoyle hits you with a +0 mace. The wraith hits you but does no damage.
You hear some strange, mumbled words.
Something tries to affect you, but you resist.
The killer bee stings you. The wraith hits you. The wraith drains your vigour!
You feel as though you will be slow longer.
Something hits you! Something bites you but does no damage.
The gargoyle hits you with a +0 mace!!
* * * LOW HITPOINT WARNING * * *
You mangle the gargoyle!!
You destroy the gargoyle!
Okawaru accepts your kill.
You can now enter into single combat with a foe.
Okawaru will now gift you equipment as you gain piety.
The killer bee completely misses you. You block the killer bee's attack.
The wraith hits you!
* * * LOW HITPOINT WARNING * * *
The wraith drains your vigour!
You feel as though you will be slow longer.
The killer bee closely misses you. You block something's attack.
Something bites you!
* * * LOW HITPOINT WARNING * * *
Something draws strength from your injuries!
The wraith hits you.
You die...

... ..... ......### #. ..#
........# #.#### #.#
........# #....## #.#
........####.#..######.#
.........y@{.........#.# #.
.........))W..P......#.# #.
....P.....PP.P.P.....#.###.
.....................†...#.
.........P...PPP..P..#.#...
..P.....P..P....P....#.###.
...P.....PP....PPPP..#.# #.
.....P...P...PP.P....#.# ##
...P...P..>P.P.......#.####


You could see a wraith and a killer bee (unable to see you).

Vanquished Creatures
  A two-headed ogre (D:10)
  An orc knight (D:9)
  2 gargoyles
  A troll (D:11)
  2 wyverns
  2 wraiths (D:9)
  6 yaks
  A steam dragon (D:8)
  4 water moccasins
  5 orc warriors
  A floating eye (shapeshifter) (D:10)
  4 black bears
  An ogre (D:5)
  7 centaurs
  A phantom (D:5)
  A kobold brigand (D:5)
  6 bullfrogs
  6 scorpions
  4 killer bees (D:7)
  5 howler monkeys
  2 hounds
  2 orc priests (D:4)
  A gnoll bouda (D:9)
  6 jellies
  4 iguanas
  3 orc wizards (D:9)
  8 adders
  8 gnolls
  2 white imps
  2 ufetubi
  3 worms
  3 dart slugs
  13 orcs
  3 bats
  6 endoplasms
  2 giant cockroaches
  7 goblins
  6 hobgoblins
  9 jackals
  5 quokkas
  2 ball pythons
  3 frilled lizards (D:1)
  13 kobolds
  6 rats
180 creatures vanquished.

Vanquished Creatures (others)
  29 fungi
  24 plants (D:11)
53 creatures vanquished.

Grand Total: 233 creatures vanquished

Notes
Turn   | Place    | Note
-------+----------+-------------------------------------------
     0 | D:1      | cheesebisquit the Troll Fighter began the quest for the
                  | Orb.
     0 | D:1      | Reached XP level 1. HP: 22/22 MP: 0/0
    59 | D:1      | Reached XP level 2. HP: 29/29 MP: 1/1
   298 | D:1      | Reached XP level 3. HP: 35/36 MP: 2/2
  1070 | D:2      | Reached skill level 1 in Throwing
  1220 | D:2      | Reached XP level 4. HP: 44/44 MP: 3/3
  1837 | D:3      | Found a sparkling altar of Nemelex Xobeh.
  2333 | D:4      | Noticed a scorpion
  2338 | D:4      | Killed a scorpion
  2339 | D:4      | Reached XP level 5. HP: 45/50 MP: 4/4
  2948 | D:4      | Reached XP level 6. HP: 61/61 MP: 5/5
  3236 | D:5      | Entered Level 5 of the Dungeon
  3446 | D:5      | Reached XP level 7. HP: 70/70 MP: 6/6
  3743 | D:5      | Found a staircase to the Ecumenical Temple.
  3749 | Temple   | Entered the Ecumenical Temple
  3757 | Temple   | Became a worshipper of Warmaster Okawaru
  4321 | D:5      | Reached * piety under Okawaru
  4322 | D:5      | Reached XP level 8. HP: 39/78 MP: 7/7
  4458 | D:6      | Reached skill level 5 in Throwing
  5165 | D:7      | You fall into a shaft and drop 3 floors!
  5165 | D:10     | Entered Level 10 of the Dungeon
  5165 | D:10     | Found the +5 robe of Misfortune {Harm *Corrode *Slow EV+5}
  5165 | D:10     | Found Xaqucew's CLEARANCE SALE!.
  5308 | D:9      | Found a flagged portal.
  5381 | D:8      | Reached skill level 5 in Unarmed Combat
  5519 | D:8      | Reached ** piety under Okawaru
  5655 | D:8      | Found a broken altar of Ashenzari.
  5783 | D:8      | Reached skill level 5 in Fighting
  5783 | D:8      | Reached XP level 9. HP: 69/88 MP: 8/8
  5906 | D:7      | Reached *** piety under Okawaru
  6859 | D:8      | Found a runed translucent gate.
  6859 | D:8      | Found a runed translucent gate.
  6859 | D:8      | Found a runed translucent gate.
  6860 | D:8      | Noticed Rudyous's ghost (novice MiFi)
  6931 | D:8      | Found a white marble altar of Elyvilon.
  6931 | D:8      | Found a bloodstained altar of Trog.
  7450 | D:9      | Reached **** piety under Okawaru
  7754 | D:9      | Reached XP level 10. HP: 98/102 MP: 9/9
  8050 | D:9      | Found a shimmering blue altar of Sif Muna.
  8109 | D:10     | Noticed an orc knight
  8109 | D:10     | Found a staircase to the Orcish Mines.
  8247 | D:9      | Found a shimmering blue altar of Sif Muna.
  8340 | D:9      | Killed an orc knight
  8340 | D:9      | Received a gift from Okawaru
  8341 | D:9      | Reached skill level 5 in Shields
  8948 | D:10     | Noticed a two-headed ogre
  8966 | D:10     | Killed a two-headed ogre
  9127 | D:10     | Paralysed by a floating eye for 3 turns
  9189 | D:10     | Noticed a gargoyle
  9194 | D:10     | Killed a gargoyle
  9195 | D:10     | Reached skill level 1 in Invocations
  9563 | D:11     | Found a staircase to the Lair.
  9644 | D:11     | Noticed a gargoyle
  9655 | D:11     | Killed a gargoyle
  9655 | D:11     | Reached ***** piety under Okawaru
  9655 | D:11     | HP: 1/104 [something (8)]
  9655 | D:11     | Slain by a wraith

Illustrated notes

Levels and vault maps discovered:
D:1:      dpeg_arrival_line_fractal, layout_basic
D:2:      layout_loops_corners, grunt_ministairs_14
D:3:      layout_loops_ring, mainiacjoe_overflow_paths
D:4:      layout_gridville
D:5:      layout_basic, minmay_temple_entry_wispy
D:6:      layout_rooms, water_boxes_lemuel
D:7:      layout_basic, serial_glass, glass_columns_b, glass_columns_b
D:8:      layout_loops_ring, mainiacjoe_overflow_alcove_4, jmf_multi_god_temple,
          gammafunk_ghost_nasty_kobolds, minmay_misc_feat_encased
D:9:      layout_basic, led_sif_pool, enter_bailey_6
D:10:     layout_roguey, orc_david_3, nicolae_shop_clearance
D:11:     layout_basic, due_lair_maze_entry_diamond
Temple:   sentei_temple_godly_chess

Skill      XL: |  1  2  3  4  5  6  7  8  9 10 |
---------------+-------------------------------+-----
Unarmed Combat | 3 4 6 8 |  8.3
Throwing       | 1 2 4 6 |  6.3
Armour         | 2 |  2.7
Fighting       | 3 4 5 7 8 |  8.2
Dodging        | 4 |  4.5
Shields        | 4 6 |  6.3
Invocations    | 1 |  1.8

Action                     |  1- 3 |  4- 6 |  7- 9 | 10-12 || total
---------------------------+-------+-------+-------+-------++-------
  Melee: Unarmed           |   123 |    88 |   241 |    90 ||   542
  Throw: Stone             |    22 |    27 |     9 |     2 ||    60
         Dart              |       |    35 |    63 |    19 ||   117
         Large rock        |       |       |       |    10 ||    10
 Invoke: Heroism           |       |       |       |     1 ||     1
    Use: Scroll            |       |     7 |     7 |     3 ||    17
         Potion            |       |       |     3 |     2 ||     5
   Stab: Invisible         |       |     3 |       |     1 ||     4
         Distracted        |       |       |     1 |       ||     1
 Armour: Robe              |    37 |    15 |    61 |    21 ||   134
  Dodge: Dodged            |    36 |    23 |   173 |    53 ||   285
  Block: Kite shield       |    42 |    22 |    78 |       ||   142
         Tower shield      |       |       |    43 |    83 ||   126

Table legend: (Time is in decaauts)
 A = Elapsed time spent in this place.
 B = Non-inter-level travel time spent in this place.
 C = Inter-level travel time spent in this place.
 D = Time resting spent in this place.
 E = Time spent auto-exploring this place.
 F = Levels seen in this place.
 G = Mean time per level.
                   A        B        C        D        E       F      G
               +--------+--------+--------+--------+--------+-----+--------+
         Total |   9717 |   8688 |   1029 |    358 |   6663 |  12 |  809.8 |
       Dungeon |   9701 |   8682 |   1019 |    358 |   6661 |  11 |  881.9 |
        Temple |     15 |      5 |     10 |      0 |      2 |   1 |   15.0 |
               +--------+--------+--------+--------+--------+-----+--------+

Top non-repeatable levels by time:
     D:9: 1595 daAuts
     D:8: 1120 daAuts
     D:4: 989 daAuts
     D:5: 981 daAuts
     D:2: 913 daAuts
     D:7: 892 daAuts
     D:6: 830 daAuts
     D:3: 742 daAuts
    D:10: 739 daAuts
     D:1: 732 daAuts
    D:11: 164 daAuts
  Temple: 15 daAuts
